[ AOE2 MATCH · #513591731 ]
UnrankedDravidians vs Koreans
Player's team · LOSS
Rival team · WIN
[ REPLAY ANALYSIS · EXTRACTED FROM THE RECORDED GAME ]
Feudal
9:15
Castle
—
Imperial
—
| APM avg | 80.3 |
| APM peak | 144 |
| eAPM avg | 38.1 |
| Villagers / military | 61 / 98 |
Focus
⚔️ 55.8% · 🌾 44.2%
Skirmisher ×78 · Scout Cavalry ×11 · Archer ×5 · Militia ×3 · Spearman ×1
Feudal
10:15
Castle
26:20
Imperial
—
| APM avg | 46.2 |
| APM peak | 74 |
| eAPM avg | 25.1 |
| Villagers / military | 45 / 49 |
Focus
⚔️ 47.9% · 🌾 52.1%
Skirmisher ×41 · Spearman ×8
Match map
Initial resources + every placement click. Lines = walls · curves = elevation contours. ◆ gold · ⬟ stone · ● berries · ✦ relic · ◌ wall gap
Your base· Open — unwalled flank
DanMT's base· Open — 2t gap
Smoothed initial terrain · ◌ = detected wall gap · hover for details
Inputs per minute
— Jinko no jutsu - - DanMT
Build order — Jinko no jutsu
First 150 of 239 actions detected
| 0:00 | Queue | Villager (Male) |
| 0:00 | Queue | Villager (Male) |
| 0:02 | Build | House |
| 0:04 | Build | House |
| 0:05 | Queue | Villager (Male) |
| 0:06 | Queue | Villager (Male) |
| 1:12 | Queue | Villager (Male) |
| 1:12 | Queue | Villager (Male) |
| 1:43 | Research | Loom |
| 2:04 | Queue | Villager (Male) |
| 2:14 | Queue | Villager (Male) |
| 2:37 | Build | Lumber Camp |
| 3:07 | Queue | Villager (Male) |
| 3:14 | Queue | Villager (Male) |
| 3:14 | Queue | Villager (Male) |
| 4:08 | Queue | Villager (Male) |
| 4:14 | Build | House |
| 4:50 | Queue | Villager (Male) |
| 5:10 | Build | Barracks |
| 5:22 | Queue | Villager (Male) |
| 5:47 | Build | House |
| 5:49 | Queue | Villager (Male) |
| 6:10 | Queue | Villager (Male) |
| 6:37 | Build | Palisade Wall |
| 6:38 | Queue | Villager (Male) |
| 7:04 | Research | Feudal Age |
| 7:34 | Queue | Militia |
| 7:34 | Queue | Militia |
| 7:42 | Build | Mining Camp |
| 8:05 | Queue | Militia |
| 8:20 | Build | Mill |
| 8:57 | Build | Farm |
| 9:00 | Queue | Villager (Male) |
| 9:03 | Build | House |
| 9:15 | Age | Feudal Age |
| 9:16 | Queue | Villager (Male) |
| 9:24 | Build | Archery Range |
| 9:25 | Build | Farm |
| 9:26 | Build | Farm |
| 9:26 | Build | Farm |
| 9:26 | Build | Farm |
| 9:31 | Research | Man-at-Arms (upgrade) |
| 9:33 | Queue | Villager (Male) |
| 10:07 | Queue | Villager (Male) |
| 10:15 | Queue | Skirmisher |
| 10:17 | Build | Farm |
| 10:17 | Build | Farm |
| 10:21 | Build | Farm |
| 10:33 | Queue | Villager (Male) |
| 10:36 | Build | House |
| 10:40 | Queue | Skirmisher |
| 10:59 | Queue | Skirmisher |
| 11:01 | Queue | Villager (Male) |
| 11:02 | Queue | Villager (Male) |
| 11:05 | Queue | Skirmisher |
| 11:23 | Build | House |
| 11:34 | Queue | Villager (Male) |
| 11:34 | Queue | Villager (Male) |
| 12:01 | Queue | Villager (Male) |
| 12:07 | Queue | Skirmisher |
| 12:09 | Build | Farm |
| 12:10 | Build | Farm |
| 12:11 | Build | Farm |
| 12:11 | Build | Farm |
| 12:12 | Build | Farm |
| 12:12 | Build | Farm |
| 12:12 | Build | Farm |
| 12:20 | Queue | Skirmisher |
| 12:34 | Queue | Villager (Male) |
| 12:43 | Build | Farm |
| 12:46 | Build | Farm |
| 12:54 | Queue | Skirmisher |
| 13:04 | Queue | Villager (Male) |
| 13:11 | Queue | Skirmisher |
| 13:26 | Queue | Villager (Male) |
| 13:28 | Queue | Skirmisher |
| 13:28 | Queue | Villager (Male) |
| 13:37 | Queue | Villager (Male) |
| 13:38 | Build | House |
| 13:51 | Queue | Skirmisher |
| 14:02 | Queue | Villager (Male) |
| 14:15 | Build | Blacksmith |
| 14:22 | Build | House |
| 14:34 | Queue | Skirmisher |
| 14:48 | Queue | Villager (Male) |
| 14:51 | Queue | Skirmisher |
| 14:54 | Research | Fletching |
| 14:59 | Research | Double-Bit Axe |
| 15:01 | Queue | Villager (Male) |
| 15:05 | Queue | Skirmisher |
| 15:15 | Queue | Skirmisher |
| 15:17 | Queue | Spearman |
| 15:21 | Queue | Villager (Male) |
| 15:26 | Queue | Villager (Male) |
| 15:28 | Queue | Skirmisher |
| 15:39 | Build | Mining Camp |
| 15:49 | Build | House |
| 15:55 | Build | House |
| 15:58 | Build | Palisade Wall |
| 16:35 | Queue | Skirmisher |
| 16:36 | Queue | Skirmisher |
| 16:36 | Queue | Villager (Male) |
| 16:36 | Queue | Villager (Male) |
| 16:36 | Queue | Villager (Male) |
| 16:56 | Queue | Skirmisher |
| 16:57 | Queue | Skirmisher |
| 16:57 | Queue | Villager (Male) |
| 17:00 | Build | House |
| 17:06 | Queue | Skirmisher |
| 17:15 | Build | Farm |
| 17:15 | Build | Farm |
| 17:16 | Build | Farm |
| 17:16 | Build | Farm |
| 17:16 | Build | Farm |
| 17:33 | Research | Horse Collar |
| 17:35 | Queue | Skirmisher |
| 17:41 | Build | Farm |
| 17:42 | Build | Farm |
| 18:11 | Research | Padded Archer Armor |
| 18:26 | Queue | Skirmisher |
| 18:26 | Queue | Skirmisher ×5 |
| 18:37 | Queue | Villager (Male) |
| 18:42 | Build | Stable |
| 18:43 | Build | Farm |
| 18:43 | Build | Farm |
| 18:44 | Build | Farm |
| 18:46 | Queue | Skirmisher |
| 18:48 | Queue | Villager (Male) |
| 18:50 | Queue | Skirmisher |
| 18:51 | Queue | Villager (Male) |
| 18:55 | Research | Scale Barding Armor |
| 18:57 | Queue | Skirmisher |
| 19:04 | Build | Farm |
| 19:09 | Queue | Skirmisher |
| 19:13 | Queue | Scout Cavalry |
| 19:17 | Queue | Scout Cavalry |
| 19:18 | Build | Farm |
| 19:24 | Build | Farm |
| 19:28 | Queue | Scout Cavalry |
| 19:34 | Queue | Skirmisher |
| 19:36 | Queue | Scout Cavalry |
| 19:48 | Queue | Skirmisher |
| 19:55 | Queue | Scout Cavalry |
| 19:55 | Queue | Skirmisher |
| 20:01 | Queue | Villager (Male) |
| 20:01 | Queue | Villager (Male) |
| 20:06 | Queue | Skirmisher |
| 20:07 | Queue | Scout Cavalry |
| 20:07 | Queue | Villager (Male) |
| 20:12 | Build | Farm |
Build order — DanMT
First 150 of 174 actions detected
| 0:00 | Queue | Villager (Male) |
| 0:01 | Build | House |
| 0:02 | Build | House |
| 0:10 | Queue | Villager (Male) |
| 0:13 | Queue | Villager (Male) |
| 0:22 | Queue | Villager (Male) |
| 1:30 | Queue | Villager (Male) |
| 1:58 | Queue | Villager (Male) |
| 2:20 | Build | Lumber Camp |
| 2:30 | Queue | Villager (Male) |
| 2:33 | Research | Loom |
| 2:45 | Queue | Villager (Male) |
| 3:10 | Queue | Villager (Male) |
| 3:21 | Queue | Villager (Male) |
| 3:50 | Build | House |
| 3:51 | Build | Palisade Wall |
| 4:01 | Queue | Villager (Male) |
| 4:19 | Build | Palisade Wall |
| 4:24 | Build | Palisade Wall |
| 4:24 | Build | Palisade Wall |
| 4:26 | Build | Palisade Wall |
| 4:26 | Build | Palisade Wall |
| 4:26 | Build | Palisade Wall |
| 4:27 | Build | Palisade Wall |
| 4:27 | Build | Palisade Wall |
| 4:27 | Build | Palisade Wall |
| 4:28 | Build | Palisade Wall |
| 4:28 | Build | Palisade Wall |
| 4:29 | Build | Palisade Wall |
| 4:32 | Queue | Villager (Male) |
| 4:56 | Queue | Villager (Male) |
| 5:30 | Queue | Villager (Male) |
| 5:40 | Build | Mill |
| 5:48 | Queue | Villager (Male) |
| 6:23 | Build | House |
| 6:32 | Queue | Villager (Male) |
| 7:06 | Queue | Villager (Male) |
| 7:32 | Queue | Villager (Male) |
| 7:34 | Build | House |
| 8:05 | Research | Feudal Age |
| 8:17 | Build | Barracks |
| 9:08 | Queue | Villager (Male) |
| 9:29 | Build | Palisade Wall |
| 9:33 | Build | Palisade Wall |
| 9:35 | Build | Palisade Wall |
| 9:45 | Build | Palisade Wall |
| 9:47 | Build | Palisade Wall |
| 9:49 | Build | Palisade Wall |
| 9:51 | Build | Palisade Wall |
| 9:55 | Build | Palisade Wall |
| 10:10 | Queue | Villager (Male) |
| 10:15 | Age | Feudal Age |
| 10:18 | Build | Archery Range |
| 10:19 | Build | Archery Range |
| 10:22 | Queue | Spearman |
| 10:24 | Research | Double-Bit Axe |
| 10:40 | Build | House |
| 10:41 | Build | Palisade Wall |
| 11:03 | Queue | Skirmisher |
| 11:05 | Queue | Villager (Male) |
| 11:20 | Queue | Skirmisher |
| 11:21 | Queue | Villager (Male) |
| 11:22 | Build | Farm |
| 11:23 | Build | Farm |
| 11:24 | Build | Farm |
| 11:32 | Build | Palisade Wall |
| 11:43 | Queue | Skirmisher |
| 11:45 | Build | Farm |
| 11:54 | Build | Farm |
| 12:12 | Build | Farm |
| 12:24 | Build | Mill |
| 12:34 | Queue | Villager (Male) |
| 13:01 | Build | Blacksmith |
| 13:04 | Queue | Skirmisher |
| 13:04 | Queue | Skirmisher |
| 13:15 | Build | Stone Wall |
| 13:25 | Queue | Skirmisher |
| 13:25 | Queue | Skirmisher |
| 13:31 | Queue | Villager (Male) |
| 13:35 | Queue | Skirmisher |
| 13:41 | Build | Watch Tower |
| 13:45 | Build | Farm |
| 13:54 | Build | Palisade Wall |
| 13:57 | Build | Palisade Wall |
| 14:00 | Queue | Villager (Male) |
| 14:02 | Build | Farm |
| 14:13 | Build | House |
| 14:30 | Queue | Villager (Male) |
| 14:35 | Build | Farm |
| 14:53 | Research | Fletching |
| 14:55 | Queue | Skirmisher |
| 14:59 | Build | Farm |
| 15:02 | Build | House |
| 15:04 | Build | Palisade Wall |
| 15:09 | Build | House |
| 15:15 | Queue | Villager (Male) |
| 15:16 | Queue | Skirmisher |
| 15:27 | Queue | Villager (Male) |
| 15:31 | Queue | Skirmisher |
| 15:34 | Build | House |
| 15:41 | Queue | Villager (Male) |
| 15:44 | Build | Palisade Wall |
| 15:48 | Queue | Skirmisher |
| 15:50 | Build | Farm |
| 16:05 | Queue | Villager (Male) |
| 16:32 | Queue | Skirmisher |
| 16:33 | Queue | Skirmisher |
| 16:33 | Queue | Villager (Male) |
| 16:33 | Queue | Villager (Male) |
| 16:58 | Queue | Skirmisher |
| 16:59 | Queue | Skirmisher |
| 17:04 | Queue | Villager (Male) |
| 17:06 | Build | Mining Camp |
| 17:16 | Queue | Villager (Male) |
| 17:23 | Queue | Skirmisher |
| 17:24 | Queue | Skirmisher |
| 17:44 | Queue | Skirmisher |
| 17:45 | Queue | Skirmisher |
| 17:55 | Build | House |
| 18:01 | Build | House |
| 18:02 | Build | House |
| 18:09 | Build | House |
| 18:18 | Queue | Villager (Male) |
| 18:22 | Queue | Villager (Male) |
| 18:52 | Build | Market |
| 19:05 | Build | Palisade Wall |
| 19:09 | Queue | Villager (Male) |
| 19:11 | Queue | Skirmisher |
| 19:11 | Queue | Skirmisher |
| 19:19 | Build | Farm |
| 19:43 | Queue | Villager (Male) |
| 19:54 | Queue | Spearman |
| 19:57 | Queue | Skirmisher |
| 19:57 | Queue | Skirmisher |
| 20:11 | Queue | Villager (Male) |
| 20:28 | Queue | Skirmisher |
| 20:28 | Queue | Skirmisher |
| 20:30 | Queue | Spearman |
| 20:31 | Queue | Villager (Male) |
| 20:37 | Build | Watch Tower |
| 20:52 | Queue | Skirmisher |
| 20:53 | Queue | Villager (Male) |
| 20:55 | Queue | Villager (Male) |
| 21:15 | Research | Wheelbarrow |
| 21:18 | Queue | Spearman |
| 21:53 | Build | Watch Tower |
| 22:13 | Queue | Skirmisher |
| 22:14 | Queue | Skirmisher |
| 22:19 | Queue | Spearman |
| 22:19 | Queue | Villager (Male) |
Match timeline
| 3:51 | DanMT · wall_segment Palisade Wall x1 |
| 4:19 | DanMT · wall_segment Palisade Wall x6 |
| 4:24 | DanMT · wall_segment Palisade Wall x1 |
| 4:24 | DanMT · wall_segment Palisade Wall x1 |
| 4:26 | DanMT · wall_segment Palisade Wall x3 |
| 4:26 | DanMT · wall_segment Palisade Wall x1 |
| 4:26 | DanMT · wall_segment Palisade Wall x1 |
| 4:27 | DanMT · wall_segment Palisade Wall x1 |
| 4:27 | DanMT · wall_segment Palisade Wall x1 |
| 4:27 | DanMT · wall_segment Palisade Wall x1 |
| 4:28 | DanMT · wall_segment Palisade Wall x1 |
| 4:28 | DanMT · wall_segment Palisade Wall x1 |
| 4:29 | DanMT · wall_segment Palisade Wall x1 |
| 5:10 | Jinko no jutsu · first_building Barracks |
| 6:37 | Jinko no jutsu · wall_segment Palisade Wall x5 |
| 8:17 | DanMT · first_building Barracks |
| 9:15 | Jinko no jutsu · age_up feudal |
| 9:24 | Jinko no jutsu · first_building Archery Range |
| 9:29 | DanMT · wall_segment Palisade Wall x2 |
| 9:33 | DanMT · wall_segment Palisade Wall x1 |
| 9:35 | DanMT · wall_segment Palisade Wall x1 |
| 9:45 | DanMT · wall_segment Palisade Wall x1 |
| 9:47 | DanMT · wall_segment Palisade Wall x1 |
| 9:49 | DanMT · wall_segment Palisade Wall x1 |
| 9:51 | DanMT · wall_segment Palisade Wall x1 |
| 9:55 | DanMT · wall_segment Palisade Wall x1 |
| 10:15 | DanMT · age_up feudal |
| 10:18 | DanMT · first_building Archery Range |
| 10:41 | DanMT · wall_segment Palisade Wall x3 |
| 11:32 | DanMT · wall_segment Palisade Wall x1 |
| 13:15 | DanMT · wall_segment Stone Wall x1 |
| 13:54 | DanMT · wall_segment Palisade Wall x1 |
| 13:57 | DanMT · wall_segment Palisade Wall x5 |
| 15:04 | DanMT · wall_segment Palisade Wall x1 |
| 15:44 | DanMT · wall_segment Palisade Wall x1 |
| 15:58 | Jinko no jutsu · wall_segment Palisade Wall x4 |
| 18:42 | Jinko no jutsu · first_building Stable |
| 19:05 | DanMT · wall_segment Palisade Wall x3 |
| 19:23 | DanMT · first_market_buy 100 food |
| 23:05 | DanMT · first_market_sell 500 wood |
| 24:53 | Jinko no jutsu · first_market_buy 100 stone |
| 25:47 | Jinko no jutsu · first_market_sell 100 wood |
| 26:20 | DanMT · age_up castle |
| 26:31 | DanMT · first_building Siege Workshop |
| 26:57 | Jinko no jutsu · resign |
[ AI ANALYSIS · 1 CREDIT ]
What really happened in this match?
Wolo.gg analyzes every decision: build order, eco, micro, common mistakes by bracket. Personalized analysis on WhatsApp or Discord in 30 seconds.
Civ guide
Dravidians
Perfil
Jugador #17040403